 Dungeon Crawl Stone Soup version 0.22-a0-480-g991dd4b (webtiles) character file.

14 epen the Ducker (level 2, -4/16 HPs)
             Began as a Spriggan Berserker on June 16, 2018.
             Slain by Terence
             ... wielding a +0 hand axe
              (7 damage)
             ... on level 2 of the Dungeon.
             The game lasted 00:01:53 (1090 turns).

epen the Ducker (Spriggan Berserker)                Turns: 1090, Time: 00:01:53

Health: -4/16      AC:  2    Str: 13    XL:     2   Next: 27%
Magic:  3/3        EV: 20    Int:  8    God:
Gold:   84         SH:  0    Dex: 15    Spells: 1/1 levels left

rFire    . . .     SeeInvis +   a - +0 short sword
rCold    . . .     Gourm    .   (shield restricted)
rNeg     . . .     Faith    .   b - +0 animal skin
rPois    .         Spirit   .   (helmet restricted)
rElec    .         Reflect  .   (no cloak)
rCorr    .         Harm     .   (gloves unavailable)
MR       .....                  (boots unavailable)
Stlth    +.........             (no amulet)
HPRegen  0.05/turn              (no ring)
MPRegen  0.08/turn              (no ring)

@: very quick
A: very small, unfitting armour, see invisible, herbivore, speed 3, slow
metabolism 2
a: no special abilities


You were on level 2 of the Dungeon.
You were not hungry.

You visited 1 branch of the dungeon, and saw 2 of its levels.

You collected 84 gold pieces.

Inventory:

Hand Weapons
 a - a +0 short sword (weapon)
Armour
 b - a +0 animal skin (worn)
 d - a +0 pair of gloves
Scrolls
 e - a scroll of teleportation {unknown}
 g - 3 scrolls of identify {unknown}
Potions
 f - a potion of lignification {unknown}
Comestibles
 c - 2 rations


   Skills:
 + Level 2.7 Fighting
 + Level 3.5 Short Blades
 + Level 4.7 Dodging


You had one spell level left.
You didn't know any spells.
Your spell library was empty.

Dungeon Overview and Level Annotations

Branches:
Dungeon (2/15)

Altars:

Annotations:
D:2 Terence


Innate Abilities, Weirdness & Mutations

You are very small and have problems with some larger weapons.
You are too small for most types of armour.
You have supernaturally acute eyesight. (SInv)
You are a herbivore.
You cover ground extremely quickly.
You need to consume almost no food.


Message History

You hit Terence.
Terence is severely wounded.
Terence says, "Don't bother to defend, it's useless."
Terence misses you.
You hit Terence.
Terence is severely wounded.
Terence closely misses you.
You hit Terence but do no damage.
Terence is severely wounded.
You hit Terence but do no damage.
Terence is severely wounded.
Terence hits you with a hand axe.
You hit Terence.
Terence is almost dead.
Terence hits you with a hand axe.
* * * LOW HITPOINT WARNING * * *
You hit Terence but do no damage.
Terence is almost dead.
Terence hits you with a hand axe!
You die...

#............#
##...........#
########...........#
...................#
.#######...........#
#...# #...........#
#.#.# #...........#
#.#.###...........#
#.#.#..<.@........#
#.#.#.###@#########
#.#.#.# #.# #.#.#.#
#.##########
#(#.#.###.......@..#
#.#.#.....########.#
#.#........(# #.#
#.#######.#.# #.#
#.##......#.# #@#


You could see Terence.

Vanquished Creatures
  A dart slug (D:1)
  A giant cockroach (D:2)
  A goblin (D:1)
  2 hobgoblins (D:1)
  A quokka (D:2)
  2 frilled lizards (D:1)
  2 kobolds (D:1)
  2 rats (D:1)
12 creatures vanquished.

Notes
Turn   | Place    | Note
-------+----------+-------------------------------------------
     0 | D:1      | epen the Spriggan Berserker began the quest for the Orb.
     0 | D:1      | Reached XP level 1. HP: 11/11 MP: 2/2
     0 | D:1      | Fell from the grace of Trog
   586 | D:1      | Reached XP level 2. HP: 13/16 MP: 3/3
   838 | D:2      | Noticed Terence
  1090 | D:2      | Slain by Terence

Vault maps used:
D:1:      elethiomel_arrival_infinity_welcomes_careful_drivers
D:2:      uniq_robin, uniq_terence

Action                   || total
-------------------------++-------
Melee: Short sword       ||    74
Invok: Renounce Religion ||     1
Armor: Animal skin       ||     6
Dodge: Dodged            ||    52

Table legend:
 A = Spawn XP
 B = Non-spawn XP
 C = Spawn XP percentage of total XP
 D = Spawn monster count
 E = Non-spawn monster count
 F = Spawn count percentage of total count
 G = Total turns spent on level
                    A         B        C        D         E        F      G
               +---------+---------+-------+---------+---------+-------+---------
         Total |       0 |      20 |   0.0 |       0 |      12 |   0.0 |  1090
               +---------+---------+-------+---------+---------+-------+---------
           D:1 |       0 |      16 |   0.0 |       0 |      10 |   0.0 |   921
           D:2 |       0 |       4 |   0.0 |       0 |       2 |   0.0 |   169
               +---------+---------+-------+---------+---------+-------+---------
